 Dungeon Crawl Stone Soup version 0.19.0-24-gb05acd6 (webtiles) character file.

447 Ice the Ducker (level 6, -7/88 HPs)
             Began as a Troll Berserker on Nov 22, 2016.
             Was a Believer of Trog.
             Engulfed by a cloud of flame (18 damage)
             ... on level 3 of the Dungeon.
             The game lasted 00:13:15 (1947 turns).

Ice the Ducker (Troll Berserker)                    Turns: 1947, Time: 00:13:15

Health: -7/88      AC: 23    Str: 27    XL:     6   Next: 73%
Magic:  5/5        EV:  1    Int:  3    God:    Trog [**....]
Gold:   183        SH:  0    Dex: 10    Spells: 0 memorised, 5 levels left

rFire  . . .     SeeInvis +     n - +0 dagger of the Fool {drain, rN+} (curse)
rCold  . . .     Gourm    +     (armour currently unavailable)
rNeg   + + +     Faith    .     (no shield)
rPois  +         Spirit   .     (helmet currently unavailable)
rElec  .         Reflect  .     (cloak currently unavailable)
rCorr  .         Harm     .     (gloves unavailable)
MR     .....     NoTele   +     (boots unavailable)
Stlth  +.........               (no amulet)
                                (no ring)
                                l - ring of see invisible

@: exhausted, tree-form, hasted and slowed
A: unfitting armour, (claws 0), fast metabolism 3, gourmand, regeneration 1,
(shaggy fur 0), (tough skin 0)
a: Berserk, Trog's Hand, Burn Spellbooks, Renounce Religion


You were on level 3 of the Dungeon.
You worshipped Trog.
Trog was pleased with you.
You were very full.
You were a tree.
You visited 1 branch of the dungeon, and saw 3 of its levels.

You collected 183 gold pieces.

Inventory:

Hand Weapons
 a - a +0 mace
 k - a +0 hunting sling
 n - the cursed +0 dagger of the Fool (weapon) {drain, rN+}
   (You found it on level 1 of the Dungeon)

   A truly terrible weapon, it drains the life of those it strikes.
   It protects you from negative energy.
   It has a curse placed upon it.
 A - a +1 blowgun
Missiles
 e - 76 bolts
 f - 41 arrows
 h - 176 stones
 j - 20 poisoned needles
 y - 3 javelins (quivered)
Armour
 b - a +0 animal skin (melded)
Jewellery
 l - a ring of see invisible (left branch)
Wands
 v - a wand of confusion (21/48)
Scrolls
 g - a scroll of enchant armour {unknown}
 m - a scroll of fear {unknown}
 t - 2 scrolls of magic mapping {unknown}
 x - 2 scrolls of immolation
 z - a scroll of remove curse {unknown}
 B - a scroll of teleportation {unknown}
 C - a scroll of enchant weapon
 D - a scroll of fog {unknown}
Potions
 d - a potion of lignification
 o - 2 potions of flight {unknown}
 q - a potion of mutation {unknown}
 s - 2 potions of curing {unknown}
 w - a potion of heal wounds {unknown}
Comestibles
 c - 2 bread rations
 p - a slice of pizza
 r - 5 chunks of flesh


   Skills:
 - Level 2.4 Fighting
 - Level 3.4 Short Blades
 - Level 3.3 Maces & Flails
 + Level 4.8 Dodging


You had 5 spell levels left.
You didn't know any spells.

Dungeon Overview and Level Annotations

Branches:
Dungeon (3/15)

Altars:
Gozag


Innate Abilities, Weirdness & Mutations

You are too large for most types of armour.
((You have claws for hands.))
Your metabolism is lightning-fast.
You like to eat raw meat.
Your natural rate of healing is unusually fast.
((You are covered in fur. (AC +1)))
((You have very tough skin. (AC +2)))


Message History

Trog accepts your kill.
You feel a bit more experienced. Trog accepts your kill.
You feel a bit more experienced. Trog accepts your kill.
Your Dodging skill increases to level 4!
You feel a bit more experienced. Trog accepts your kill. x6
The fiery explosion engulfs you! Trog accepts your kill.
You are engulfed in roaring flames.
* * * LOW HITPOINT WARNING * * *
As you read the scroll labeled DUD HUELYSEMUIS, it crumbles to dust.
It is a scroll of enchant weapon.
Your uncursed blowgun glows red for a moment.
You are engulfed in roaring flames.
* * * LOW HITPOINT WARNING * * *
It was a potion of haste.
You feel yourself speed up.
You are engulfed in roaring flames.
You die... +.. #####'' g...... .....gg ...g... .g.gg

##''## ###### #.gg§#######..#..#
+..g§§§§§§§♣..#o.#
#..g§#######..#..# #≈≈P...
######''''############# .#≈≈....
..........)...........#...#≈≈....
≈≈≈≈≈≈....≈≈≈≈≈≈≈≈≈≈≈≈#####≈≈....
≈≈≈≈≈≈....≈≈≈≈≈≈≈≈≈≈≈≈≈≈≈≈≈≈≈....
≈≈≈≈≈≈....≈≈≈≈≈≈≈≈≈≈≈≈≈≈≈≈≈≈≈....
..)........................P.....
...............<.......#.........


You could see an orc.

Vanquished Creatures
  An ogre (D:3)
  An orc wizard (D:3)
  24 gnolls (D:3)
  An adder (D:3)
  2 worms (D:2)
  3 dart slugs
  4 orcs (D:3)
  A ball python (D:2)
  2 giant cockroaches
  5 hobgoblins
  13 jackals
  9 kobolds
  6 bats
  3 frilled lizards
  7 goblins
  3 rats (D:2)
85 creatures vanquished.

Notes
Turn   | Place    | Note
-------+----------+-------------------------------------------
     0 | D:1      | Ice the Troll Berserker began the quest for the Orb.
     0 | D:1      | Reached XP level 1. HP: 22/22 MP: 0/0
   467 | D:1      | Reached XP level 2. HP: 29/29 MP: 1/1
   508 | D:1      | Got a dazzling dagger
   574 | D:2      | Identified the cursed +0 dagger of the Fool {drain, rN+} (You found it on level 1 of the Dungeon)
   695 | D:2      | Reached skill level 1 in Short Blades
   770 | D:2      | Reached XP level 3. HP: 35/36 MP: 2/2
  1447 | D:3      | Found an opulent altar of Gozag.
  1532 | D:3      | Reached XP level 4. HP: 37/44 MP: 3/3
  1552 | D:3      | Reached ** piety under Trog
  1773 | D:3      | Reached XP level 5. HP: 49/50 MP: 4/4
  1884 | D:3      | Noticed an ogre
  1921 | D:3      | Reached skill level 3 in Dodging
  1922 | D:3      | HP: 3/75 [gnoll (5)]
  1945 | D:3      | Killed an ogre
  1945 | D:3      | Reached XP level 6. HP: 50/59 MP: 5/5
  1945 | D:3      | Reached skill level 4 in Dodging
  1947 | D:3      | Engulfed by a cloud of flame

Skill      XL: |  1  2  3  4  5  6 |
---------------+-------------------+-----
Maces & Flails | 3 |  3.3
Short Blades   | 1 2 3 |  3.4
Dodging        | 3 4 |  4.8
Fighting       | |  2.4

Action                   |  1- 3 |  4- 6 || total
-------------------------+-------+-------++-------
Melee: Mace              |    13 |       ||    13
       Dagger            |   122 |    93 ||   215
 Fire: Hunting sling     |     2 |       ||     2
Throw: Stone             |    77 |    24 ||   101
       Javelin           |       |     1 ||     1
Invok: Berserk           |       |     1 ||     1
       Trog's Hand       |       |     1 ||     1
  Use: Scroll            |     4 |     2 ||     6
       Potion            |       |     2 ||     2
  Eat: Chunk             |    19 |     4 ||    23
Armor: Animal skin       |    54 |    18 ||    72
       Skin              |       |    11 ||    11
Dodge: Dodged            |    83 |    41 ||   124
